 Dungeon Crawl Stone Soup version 0.17-a0-1920-gafa4d75 (webtiles) character file.

30613 4thArraOfDagon the Grappler (level 13, -10/99 HPs)
             Began as a Troll Monk on Sept 27, 2015.
             Was the Champion of Cheibriados.
             Mangled by a hill giant
             ... wielding a +0 giant club
              (28 damage)
             ... on level 3 of the Orcish Mines.
             The game lasted 00:33:31 (6262 turns).

4thArraOfDagon the Grappler (Troll Monk)            Turns: 6262, Time: 00:33:31

Health: -10/99     AC: 23    Str: 41    XL:     13   Next: 21%
Magic:  26/27      EV: 15    Int: 25    God:    Cheibriados [******]
Gold:   172        SH:  0    Dex: 30    Spells: 1 memorised, 14 levels left

rFire  x . .     SeeInvis .       - Unarmed
rCold  + + .     Clarity  .     J - +11 ice dragon armour of Qeibb {*Contam rPois rF- rC++ MP+9 Str+2}
rNeg   + . .     SustAt   .     (no shield)
rPois  +         Gourm    +     (helmet restricted)
rElec  .         Spirit   .     (no cloak)
rCorr  .         Warding  .     (gloves unavailable)
rMut   .         Stasis   .     (boots unavailable)
MR     +....                    (no amulet)
Stlth  +.........               a - +5 ring of dexterity
                                K - ring of positive energy

@: very slow, somewhat resistant to hostile enchantments, very unstealthy
A: unfitting armour, claws 3, clumsy 1, fast metabolism 3, frail 2, gourmand,
magic resistance 1, mutation resistance 1, regeneration 2, shaggy fur 1, strong
1, tough skin 2, no device heal 1
a: Bend Time, Temporal Distortion, Slouch, Step From Time, Renounce Religion


You were on level 3 of the Orcish Mines.
You worshipped Cheibriados.
Cheibriados was exalted by your worship.
You were very full.

You visited 3 branches of the dungeon, and saw 20 of its levels.
You also visited: Ice Cave.

You collected 1252 gold pieces.
You spent 1080 gold pieces at shops.

Inventory:

Hand weapons
 u - a +0 giant spiked club
 O - a +0 blowgun
 R - a +0 scimitar of flaming
 T - a +0 blowgun
Missiles
 i - 11 tomahawks of returning
 m - 2 throwing nets (quivered)
 n - 9 javelins
 Q - 9 large rocks
 U - 9 curare-tipped needles
Armour
 J - the +11 ice dragon armour of Qeibb (worn) {*Contam rPois rF- rC++ MP+9 Str+2}
   (You acquired it on level 4 of the Orcish Mines)

   It affects your strength (+2).
   It makes you vulnerable to fire.
   It greatly protects you from cold.
   It protects you from poison.
   It affects your magic capacity (+9).
   It causes magical contamination when unequipped.
 N - a +1 robe of magic resistance
 P - the +1 robe of the Merchant {Regen+ rCorr Str-4 Int-3}
   (You found it on level 13 of the Dungeon)

   It affects your strength (-4).
   It affects your intelligence (-3).
   It increases your rate of regeneration.
   It protects you from acid and corrosion.
Jewellery
 a - a +5 ring of dexterity (right claw)
 d - an uncursed ring of invisibility
 K - a ring of positive energy (left claw)
Magical devices
 w - a wand of polymorph (14)
 x - a wand of disintegration (3)
 z - a wand of confusion (24)
 B - a wand of fire (0)
 C - a wand of fireball (8)
 L - a wand of lightning (11)
Scrolls
 f - a scroll of brand weapon {unknown}
 j - 3 scrolls of blinking {unknown}
 k - 2 scrolls of random uselessness {unknown}
 o - a scroll of amnesia {unknown}
 p - 3 scrolls of teleportation
 s - 5 scrolls of remove curse
 t - 5 scrolls of recharging {unknown}
 v - 3 scrolls of enchant weapon {unknown}
 y - a scroll of noise
 F - a scroll of vulnerability {unknown}
 G - a scroll of summoning
 I - 5 scrolls of identify
 S - a scroll of magic mapping
Potions
 e - 3 potions of curing
 g - 6 potions of haste
 h - 3 potions of flight
 l - 2 potions of berserk rage
 q - a potion of heal wounds
 M - a potion of resistance
 V - a potion of cancellation {unknown}
Books
 A - a book of the Earth

   Spells                             Type                      Level
   a - Leda's Liquefaction            Hexes/Earth                  4
   b - Bolt of Magma                  Conjuration/Fire/Earth       5
   c - Statue Form                    Transmutation/Earth          6
   d - Iron Shot                      Conjuration/Earth            6
   e - Shatter                        Earth                        9
Comestibles
 b - 8 bread rations
 c - 7 meat rations
 r - 2 royal jellies
 D - 2 slices of pizza
 E - 4 fruits
 H - 2 beef jerkies


   Skills:
 - Level 7.1 Fighting
 - Level 7.0 Dodging
 - Level 1.1 Stealth
 - Level 12.1 Unarmed Combat
 + Level 4.0 Spellcasting
 * Level 7.1 Transmutations
 * Level 8.5 Earth Magic
 + Level 6.5 Invocations


You had 14 spell levels left.
You knew the following spells:

 Your Spells              Type           Power        Failure   Level  Hunger
a - Statue Form           Trmt/Erth      #####....    95%         6    #######


Dungeon Overview and Level Annotations

Branches:
Dungeon (15/15)            Temple (1/1) D:5            Lair (0/8) D:11
    Orc (4/4) D:11
    Elf: Orc:3-4     Vaults: D:13-14     Depths: D:15

Altars:
Ashenzari
Cheibriados
Elyvilon
Gozag
Kikubaaqudgha
Makhleb
Nemelex Xobeh
Okawaru
Sif Muna
Trog
Vehumet
Xom
Beogh

Shops:
D:6 [   D:7 ?[   D:12 *   Orc:4 (?

Annotations:
D:14 exclusion: hydra, Rupert


Innate Abilities, Weirdness & Mutations

You are too large for most types of armour.
You have claws for hands.
Your metabolism is lightning-fast.
You like to eat raw meat.
You heal very quickly.
You are covered in fur (AC +1).
You have very tough skin (AC +2).
You are clumsy. (Dex -2)
You are very frail (-20% HP).
You are resistant to hostile enchantments.
You are somewhat resistant to further mutation.
Your muscles are strong. (Str +2)
Potions and wands are less effective at restoring your health.


Message History

The hill giant is heavily wounded.
You claw the hill giant!
The hill giant is severely wounded.
The hill giant misses you.
The hill giant hits you with a giant club.
You mangle the hill giant!!
The hill giant is almost dead.
The hill giant hits you with a giant club!!
* * * LOW HITPOINT WARNING * * *
You are too injured to fight recklessly!
You are too injured to fight recklessly!
You are too injured to fight recklessly!
You are too injured to fight recklessly!
You are too injured to fight recklessly!
You mangle the hill giant!!
You kill the hill giant!
Cheibriados appreciates the change of pace.
Your Spellcasting skill increases to level 4!
The hill giant hits you with a giant club!!
You die...

....$..#....
#+#####............
#.....#.........#..
#..$..#........#.....
#.....'..............
+..CC.'.............#
#.....'.......## ..##
#)C......###...##
#@)........##...#
####...............#
#.................##
#................##
##..........#....##
#.............#.#.##
##.........)...#...#
#.................#
#........)))..#..##


You could see a hill giant.

Vanquished Creatures
  Azrael (D:13)
  2 centaur warriors
  Urug (Orc:2)
  Sonja (Orc:4)
  Nergalle (Orc:1)
  14 hill giants
  2 orc knights (Orc:2)
  2 unseen horrors
  3 ice statues (IceCv)
  A necromancer (IceCv)
  2 cyclopes
  An ugly thing (D:13)
  Joseph (D:7)
  Psyche (D:9)
  A komodo dragon (D:12)
  2 trolls
  A yaktaur (shapeshifter) (D:14)
  5 blue devils (IceCv)
  A slime creature (D:13)
  13 yaks
  Sigmund (D:5)
  Eustachio (D:4)
  A deep elf mage (D:14)
  4 vampire mosquitoes
  3 hungry ghosts
  3 basilisks (D:11)
  Menkaure (D:7)
  2 mottled dragons
  A soldier ant (D:12)
  Edmund (D:5)
  A warg (Orc:1)
  4 porcupines (D:11)
  2 phantoms
  4 sky beasts
  A black bear (D:6)
  An eye of draining (D:12)
  2 necrophages
  20 orc warriors
  4 centaurs
  5 crocodiles (D:11)
  6 ogres
  3 big kobolds
  5 giant frogs
  2 scorpions
  11 killer bees
  5 crimson imps
  5 iguanas
  4 hounds
  13 orc priests
  24 orc wizards
  3 draconian simulacra (IceCv)
  2 jellies
  2 centaur zombies
  A giant frog skeleton (D:11)
  2 giant frog zombies (D:5)
  2 centaur skeletons
  A quasit (D:7)
  A spriggan simulacrum (IceCv)
  9 worker ants
  3 troll simulacra (IceCv)
  2 centaur simulacra (IceCv)
  A hound skeleton (D:5)
  4 gnolls (D:8)
  An ogre simulacrum (IceCv)
  4 adders
  2 river rats (D:11)
  3 shadow imps
  12 white imps (D:13)
  2 adder zombies (D:5)
  3 worms
  7 giant geckos
  99 orcs
  A bat (D:12)
  2 giant cockroaches
  9 hobgoblins (Orc:2)
  11 jackals
  10 kobolds
  2 quokkas
  A giant gecko zombie (D:6)
  2 giant newts
  A quokka zombie (D:5)
401 creatures vanquished.

Vanquished Creatures (others)
  A giant frog skeleton (D:13)
  A worker ant (D:13)
  5 plants (D:11)
7 creatures vanquished.

Grand Total: 408 creatures vanquished

Notes
Turn   | Place    | Note
--------------------------------------------------------------
     0 | D:1      | 4thArraOfDagon the Troll Monk began the quest for the Orb.
     0 | D:1      | Reached XP level 1. HP: 22/22 MP: 0/0
   212 | D:4      | Reached XP level 2. HP: 29/29 MP: 1/1
   225 | D:5      | Entered Level 5 of the Dungeon
   225 | D:5      | Noticed a phantom
   236 | D:5      | Reached XP level 3. HP: 36/36 MP: 2/2
   242 | D:5      | Noticed a scorpion
   242 | D:5      | Noticed Eustachio
   313 | D:4      | Killed a scorpion
   313 | D:4      | Reached skill level 5 in Unarmed Combat
   313 | D:4      | Reached XP level 4. HP: 39/44 MP: 3/3
   317 | D:4      | Noticed a worker ant
   327 | D:4      | Killed a worker ant
   335 | D:4      | Noticed a worker ant
   346 | D:4      | Killed a worker ant
   417 | D:4      | Killed a phantom
   417 | D:4      | Reached XP level 5. HP: 23/53 MP: 4/4
   453 | D:4      | Killed Eustachio
   453 | D:4      | Reached skill level 6 in Unarmed Combat
   453 | D:4      | Reached XP level 6. HP: 25/61 MP: 5/5
   566 | D:6      | Reached XP level 7. HP: 47/68 MP: 6/6
   626 | D:7      | Noticed Menkaure
   749 | D:5      | Noticed Edmund
   760 | D:5      | Killed Edmund
   760 | D:5      | Reached skill level 7 in Unarmed Combat
   775 | D:5      | Found an opulent altar of Gozag.
   787 | D:5      | Noticed an ogre
   799 | D:5      | Killed an ogre
   852 | D:5      | Noticed an ogre
   855 | D:5      | Killed an ogre
   882 | D:5      | Noticed a centaur
   887 | D:5      | Killed a centaur
   902 | D:5      | Reached XP level 8. HP: 45/79 MP: 7/7
  1098 | D:7      | Killed Menkaure
  1098 | D:7      | Reached skill level 8 in Unarmed Combat
  1112 | D:7      | Found Gaecant's Magic Scroll Boutique.
  1113 | D:7      | Found Keohei Misi's Antique Armour Shoppe.
  1160 | D:7      | Bought a scroll of remove curse for 39 gold pieces
  1160 | D:7      | Bought a scroll of magic mapping for 45 gold pieces
  1160 | D:7      | Bought a scroll of teleportation for 39 gold pieces
  1160 | D:7      | Bought a scroll of identify for 26 gold pieces
  1232 | D:7      | Found a sparkling altar of Nemelex Xobeh.
  1311 | D:6      | Reached skill level 5 in Fighting
  1311 | D:6      | Reached skill level 5 in Dodging
  1379 | D:6      | Noticed a hungry ghost
  1394 | D:6      | Killed a hungry ghost
  1410 | D:6      | Found Zarigost's Antique Armour Emporium.
  1481 | D:6      | Found a burning altar of Makhleb.
  1506 | D:7      | Noticed Joseph
  1576 | D:4      | Noticed a hound
  1581 | D:4      | Killed a hound
  1586 | D:4      | Reached skill level 9 in Unarmed Combat
  1626 | D:4      | Noticed a worker ant
  1630 | D:4      | Killed a worker ant
  1765 | D:5      | Found a staircase to the Ecumenical Temple.
  1769 | Temple   | Entered the Ecumenical Temple
  1778 | Temple   | Became a worshipper of Cheibriados the Contemplative
  1778 | Temple   | Acquired Cheibriados's first power
  1813 | D:5      | Noticed Sigmund
  1817 | D:5      | Killed Sigmund
  1817 | D:5      | Reached XP level 9. HP: 88/88 MP: 8/8
  1878 | D:7      | Killed Joseph
  1878 | D:7      | Reached skill level 1 in Invocations
  2065 | D:9      | Noticed Psyche
  2071 | D:9      | Killed Psyche
  2103 | D:9      | Noticed a cyan ugly thing
  2117 | D:8      | Reached skill level 10 in Unarmed Combat
  2261 | D:8      | Acquired Cheibriados's second power
  2310 | D:8      | Learned a level 6 spell: Statue Form
  2366 | D:8      | Gained mutation: Potions and wands are less effective at restoring your health. [mutagenic meat]
  2367 | D:8      | Gained mutation: You are clumsy. (Dex -2) [mutagenic meat]
  2368 | D:8      | Gained mutation: You are resistant to hostile enchantments. [mutagenic meat]
  2369 | D:8      | Gained mutation: You are somewhat resistant to further mutation. [mutagenic meat]
  2482 | D:9      | Reached skill level 1 in Earth Magic
  2543 | D:10     | Entered Level 10 of the Dungeon
  2724 | D:10     | Reached XP level 10. HP: 98/98 MP: 11/11
  2746 | D:10     | Reached skill level 1 in Transmutations
  2790 | D:10     | Noticed a hill giant
  2799 | D:10     | Killed a hill giant
  2799 | D:10     | Reached skill level 1 in Spellcasting
  2995 | D:10     | Acquired Cheibriados's third power
  2999 | D:10     | Noticed a hill giant
  3004 | D:10     | Killed an unseen horror
  3015 | D:10     | Killed a hill giant
  3109 | D:11     | Noticed a hill giant
  3118 | D:11     | Killed a hill giant
  3118 | D:11     | Reached skill level 11 in Unarmed Combat
  3165 | D:10     | Noticed a hill giant
  3170 | D:10     | Killed a hill giant
  3186 | D:11     | Noticed a hill giant
  3198 | D:11     | Killed a hill giant
  3198 | D:11     | Reached XP level 11. HP: 49/107 MP: 11/13
  3299 | D:11     | Acquired Cheibriados's fourth power
  3391 | D:11     | Found a staircase to the Lair.
  3723 | D:12     | Noticed a hill giant
  3744 | D:12     | Killed a hill giant
  3757 | D:12     | Reached skill level 5 in Earth Magic
  3878 | D:12     | Found Kuargh's Blood Bar.
  3931 | D:12     | Killed an unseen horror
  3988 | D:13     | Found a frozen archway.
  3991 | D:13     | Noticed a centaur warrior
  3997 | D:13     | Killed a centaur warrior
  4009 | D:13     | Noticed a five-headed hydra
  4010 | IceCv    | Entered an ice cave
  4066 | IceCv    | Noticed an ice statue
  4066 | IceCv    | Noticed an ice statue
  4075 | IceCv    | Killed an ice statue
  4157 | IceCv    | Killed an ice statue
  4157 | IceCv    | Reached skill level 12 in Unarmed Combat
  4157 | IceCv    | Reached skill level 5 in Invocations
  4157 | IceCv    | Reached XP level 12. HP: 77/118 MP: 13/15
  4270 | IceCv    | Noticed an ice statue
  4277 | IceCv    | Noticed an ice statue
  4330 | IceCv    | Killed an ice statue
  4331 | IceCv    | Noticed a necromancer
  4334 | IceCv    | Killed a necromancer
  4442 | D:14     | Noticed a four-headed hydra
  4558 | D:14     | Noticed Rupert
  4595 | D:14     | Reached skill level 5 in Transmutations
  4601 | D:14     | Noticed a vault guard
  4635 | D:15     | Entered Level 15 of the Dungeon
  4727 | D:14     | Noticed a centaur warrior
  4743 | D:14     | Killed a centaur warrior
  4783 | D:14     | Gained mutation: You are frail (-10% HP). [mutagenic meat]
  4784 | D:14     | Gained mutation: You are very frail (-20% HP). [mutagenic meat]
  4785 | D:14     | :)
  4794 | D:14     | hp troll
  4837 | D:13     | Gained mutation: Your muscles are strong. (Str +2) [mutagenic meat]
  4840 | D:13     | Noticed a hill giant
  4845 | D:13     | Killed a hill giant
  4985 | D:13     | Got a colourful robe
  5004 | D:13     | Identified the +1 robe of the Merchant {Regen+ rCorr Str-4 Int-3} (You found it on level 13 of the Dungeon)
  5004 | D:13     | :(
  5047 | D:13     | Noticed Azrael
  5056 | D:13     | Killed Azrael
  5238 | D:11     | Found a staircase to the Orcish Mines.
  5249 | Orc:1    | Entered Level 1 of the Orcish Mines
  5273 | Orc:1    | Noticed Nergalle
  5287 | Orc:1    | Killed Nergalle
  5453 | Orc:2    | Noticed Urug
  5493 | Orc:2    | Killed Urug
  5717 | Orc:2    | You fall through a shaft for 2 floors!
  5717 | Orc:4    | Entered Level 4 of the Orcish Mines
  5753 | Orc:4    | Found a roughly hewn altar of Beogh.
  5771 | Orc:4    | Found Guifuz's Magic Scroll Emporium.
  5776 | Orc:4    | Bought a scroll of acquirement for 728 gold pieces
  5776 | Orc:4    | Bought a scroll of teleportation for 42 gold pieces
  5776 | Orc:4    | Bought a scroll of magic mapping for 49 gold pieces
  5776 | Orc:4    | Bought 3 scrolls of identify for 84 gold pieces
  5776 | Orc:4    | Bought a scroll of identify for 28 gold pieces
  5778 | Orc:4    | Got an aquamarine-studded ice dragon armour
  5779 | Orc:4    | Identified the +11 ice dragon armour of Qeibb {*Contam rPois rF- rC++ MP+9 Str+2} (You acquired it on level 4 of the Orcish Mines)
  5920 | Orc:4    | Noticed Sonja
  5924 | Orc:4    | Killed Sonja
  5924 | Orc:4    | Reached XP level 13. HP: 99/99 MP: 17/17
  5983 | Orc:4    | Found a roughly hewn altar of Beogh.
  6037 | Orc:4    | Found a roughly hewn altar of Beogh.
  6118 | Orc:4    | Found a roughly hewn altar of Beogh.
  6137 | Orc:4    | Found Yrref's Weapon Boutique.
  6262 | Orc:3    | Mangled by a hill giant

Vault maps used:
D:1:      eino_arrival_druids_welcome
D:2:      first_bread, st_stairs_3, uniq_terence
D:3:      lemuel_upstairs_altar, lemuel_round_altar
D:5:      nicolae_overflow_crystal_walls, minmay_temple_entry_grid,
          nrook_loot_triangle, uniq_edmund, uniq_eustachio, uniq_sigmund
D:6:      makhleb_grotto_becter, serial_shops, nicolae_shop_overgrown_old_shop,
          minmay_misc_feat_square, minmay_misc_feat_columns
D:7:      nemelex_xobeh_ov_fountains_minmay, serial_shops, shop, shop_scrolls,
          uniq_menkaure, uniq_joseph
D:8:      gammafunk_temple_overflow_statue
D:9:      nicolae_ru_awakened_eye, hangedman_tree_tricks, minmay_librarian,
          uniq_psyche
D:10:     minivault_27
D:11:     minmay_lair_entry_grove, david_orc_4, minmay_lizard_king
D:12:     guppyfry_shop_blood
D:13:     portal_ice_cave_entry_imps, uniq_azrael
D:14:     grunt_vaults_entry_fortified, elyvilon_altar_4, nooodl_food_tri,
          uniq_rupert
D:15:     grunt_enter_depths_snipers, serial_park_gazebo, minmay_misc_feat_cross
Temple:   nicolae_temple_x_marks_the_god
Orc:1:    mines2_lemuel, uniq_nergalle
Orc:2:    cheibrodos_orc_bank, uniq_urug
Orc:3:    giant_chief_lemuel, nicolae_orc_pool_cavern, nicolae_orc_stony_grotto,
          trog_book
Orc:4:    grunt_orc_community_town_hall, grunt_orc_community_big_house_2,
          grunt_orc_community_big_house_2, grunt_orc_community_house_3,
          grunt_orc_community_house_3, grunt_orc_community_house_2,
          grunt_orc_community_house_2, grunt_orc_community_house_2, uniq_sonja
IceCv:    ice_cave_tombish

Action                   |  1- 3 |  4- 6 |  7- 9 | 10-12 | 13-15 || total
-------------------------+-------+-------+-------+-------+-------++-------
Melee: Unarmed           |    34 |    55 |   315 |   574 |   101 ||  1079
Throw: Throwing net      |       |       |       |     2 |       ||     2
       Tomahawk          |       |       |       |     2 |       ||     2
 Cast: Statue Form       |       |       |       |     1 |       ||     1
Invok: Slouch            |       |       |       |     6 |       ||     6
       Temporal Distorti |       |       |       |     4 |       ||     4
Evoke: Wand              |       |       |       |     1 |       ||     1
  Use: Scroll            |       |     1 |    15 |     6 |       ||    22
       Potion            |       |       |       |     2 |       ||     2
 Stab: Sleeping          |     1 |       |     5 |     8 |       ||    14
       Distracted        |       |       |       |     1 |       ||     1
  Eat: Chunk             |     6 |     2 |    29 |    42 |     2 ||    81
       Fruit             |       |       |     3 |       |       ||     3
